 Dungeon Crawl Stone Soup version 0.30-a0-374-g95c0257040 (webtiles) character file.

Game seed: 14807383783082406522

16 flotson the Sneak (level 2, -1/24 HPs)
             Began as a Demonspawn Delver on Nov 27, 2022.
             Slain by a river rat (4 damage)
             ... in a sewer.
             The game lasted 00:02:34 (497 turns).

flotson the Sneak (Demonspawn Delver)                Turns: 497, Time: 00:02:35

Health: -1/24      AC:  3    Str: 12    XL:     2   Next: 37%
Magic:  2/2        EV: 12    Int: 11    God:
Gold:   55         SH:  0    Dex: 14    Spells: 1/1 levels left

rFire   . . .      SeeInvis .    a - +0 spear
rCold   . . .      Faith    .    (no shield)
rNeg    . . .      Spirit   .    b - +0 leather armour
rPois   .          Reflect  .    (no helmet)
rElec   .          Harm     .    k - scarf {+Inv}
rCorr   .          Rampage  .    (no gloves)
Will    .....                    (no boots)
Stlth   ++........               (no amulet)
HPRegen 0.24/turn                (no ring)
MPRegen 0.08/turn                (no ring)

@: no status effects
A: foul stench 1
a: Evoke Invisibility


You were in a sewer.
You visited 1 branch of the dungeon, and saw 2 of its levels.
You also visited: Sewer.

You collected 55 gold pieces.

Inventory:

Hand Weapons
 a - a +0 spear (weapon)
Armour
 b - a +0 leather armour (worn)
 k - a scarf of invisibility (worn)
Wands
 g - a wand of digging (2)
Scrolls
 c - a scroll of fog
 d - a scroll of magic mapping
 e - a scroll of fear
 h - a scroll of enchant weapon {unknown}
Potions
 f - a potion of haste
 i - a potion of might {unknown}
 j - 2 potions of lignification {unknown}


   Skills:
 + Level 3.2 Fighting
 - Level 1.7 Polearms
 + Level 0.8 Armour
 + Level 2.0 Dodging
 - Level 4.5 Stealth
 + Level 0.8 Evocations


You had one spell level left.
You didn't know any spells.
Your spell library was empty.

Dungeon Overview and Level Annotations

Branches:
Dungeon (5/15)              Sewer (1/1)
 Temple: D:4-7

Altars:
Ashenzari


Innate Abilities, Weirdness & Mutations

You may rarely emit foul miasma when damaged in melee.


Message History

The river rat bites you.
You hit the river rat but do no damage.
The river rat is heavily wounded.
The river rat barely misses you.
You barely miss the river rat.
The river rat is heavily wounded.
The river rat barely misses you.
You hit the river rat.
The river rat is almost dead.
The river rat closely misses you.
You hit the river rat.
The river rat is almost dead.
The river rat bites you.
You closely miss the river rat.
The river rat is almost dead.
The river rat bites you!
* * * LOW HITPOINT WARNING * * *
You are too injured to fight recklessly!
You are too injured to fight recklessly!
You are too injured to fight recklessly!
You are too injured to fight recklessly!
You are too injured to fight recklessly!
You are too injured to fight recklessly!
You are too injured to fight recklessly!
You are too injured to fight recklessly!
You closely miss the river rat.
The river rat is almost dead.
The river rat completely misses you.
You barely miss the river rat.
The river rat is almost dead.
The river rat bites you.
* * * LOW HITPOINT WARNING * * *
You hit the river rat but do no damage.
The river rat is almost dead.
The river rat bites you.
* * * LOW HITPOINT WARNING * * *
You hit the river rat but do no damage.
The river rat is almost dead.
The river rat bites you.
You die...

..## .~.# ~r~#
#..# #~.# #~.#
###########.~#
#..~....~.~.~#
#~.~~..@r†~~.#
#~~###########
#..# ####### #.~#
#≈≈≈≈≈#
#~.#########≈.∩.≈#
#..~.~.~~~~.~.~~≈#
#.~~.........~~.≈#
############≈.∩~≈#
#≈≈≈≈≈#


You could see a river rat.

Vanquished Creatures
  2 worms
  An endoplasm (Sewer)
  A giant cockroach (D:5)
  3 ball pythons
  5 rats
12 creatures vanquished.

Notes
Turn   | Place    | Note
-------+----------+-------------------------------------------
     0 | D:5      | flotson the Demonspawn Delver began the quest for the Orb.
     0 | D:5      | Reached XP level 1. HP: 18/18 MP: 1/1
    11 | D:5      | Found a broken altar of Ashenzari.
   274 | D:5      | Gained mutation: You may rarely emit foul miasma when
                  | damaged in melee. [demonic ancestry]
   274 | D:5      | Reached XP level 2. HP: 24/24 MP: 2/2
   310 | D:5      | Found a glowing drain.
   314 | Sewer    | Entered a sewer
   497 | Sewer    | Slain by a river rat

Illustrated notes

Levels and vault maps discovered:
D:4:      layout_basic, amcnicky_altar_gilded, nicolae_wu_jian_wuxing_cycle,
          vehumet_statue, hangedman_abyss_or_decor_jellyfish_corner, hex_tiny,
          hangedman_decor_peaks_small, minmay_a_box_with_orc_wizards_in_it
D:5:      layout_loops_ring, mainiacjoe_overflow_two_lobes,
          mainiacjoe_overflow_catwalk, grunt_gozag_breadcrumbs,
          mainiacjoe_overflow_alcove_4, lemuel_coloured_pillars_altar,
          mainiacjoe_overflow_tiny_flanked, minmay_temple_entry_grid,
          portal_sewer_entry_e
Sewer:    sewer_hellmonk_slimy_pipes

Skill      XL: |  1 |
---------------+----+-----
Dodging        | 2 |  2.0
Fighting       | |  3.2
Polearms       | |  1.7
Armour         | |  0.8
Stealth        | |  4.5
Evocations     | |  0.8

Action                   || total
-------------------------++-------
Melee: Spear             ||    86
Evoke: Wand              ||     1
  Use: Potion            ||     1
 Stab: Sleeping          ||     1
Armor: Leather armour    ||    16
Dodge: Dodged            ||    40

Table legend: (Time is in decaauts)
 A = Elapsed time spent in this place.
 B = Non-inter-level travel time spent in this place.
 C = Inter-level travel time spent in this place.
 D = Time resting spent in this place.
 E = Time spent auto-exploring this place.
 F = Levels seen in this place.
 G = Mean time per level.
                   A        B        C        D        E       F      G
               +--------+--------+--------+--------+--------+-----+--------+
         Total |    490 |    490 |      0 |     83 |    194 |   3 |  163.3 |
       Dungeon |    304 |    304 |      0 |     83 |     64 |   2 |  152.0 |
         Sewer |    186 |    186 |      0 |      0 |    130 |   1 |  186.0 |
               +--------+--------+--------+--------+--------+-----+--------+

Top non-repeatable levels by time:
   Sewer: 186 daAuts
     D:5: 182 daAuts
     D:4: 122 daAuts
